[Event "BIH-chT Premier League 2019"]
[Site "Tuzla"]
[Date "2019.06.14"]
[Round "7.1"]
[White "Sedlak, Nikola"]
[Black "Stevic, Hrvoje"]
[Result "1/2-1/2"]
[ECO "C60"]
[WhiteElo "2583"]
[BlackElo "2575"]
[Annotator "ChessBase"]
[PlyCount "62"]
[EventDate "2019.06.08"]
[EventType "team-tourn"]
[EventCountry "BIH"]
[SourceTitle "playchess.com"]
[Source "ChessBase"]
[SourceQuality "1"]
[TimeControl "40/5400+30:900+30"]

1. e4 e5 2. Nf3 Nc6 3. Bb5 g6 4. d4 exd4 5. Bg5 Be7 6. Bxe7 Qxe7 7. Bxc6 dxc6 8. Qxd4 Nf6 9. Nc3 Bg4 10. Nd2 c5 11. Qe3 O-O-O 12. h3 Bd7 13. O-O-O Bc6 14. f3 b6 15. Nc4 Qe6 16. b3 h5 17. Qg5 Nh7 18. Qe5 Rde8 19. Qxe6+ Rxe6 20. h4 Nf6 21. Ne3 Rd6 22. Rxd6 cxd6 23. Rd1 Kc7 24. Ncd5+ Nxd5 25. Nxd5+ Bxd5 26. Rxd5 Re8 27. c4 Re5 28. Kd2 Kd7 29. Ke3 Ke7 30. Kf4 f6 31. g4 hxg4 1/2-1/2

[Event "BIH-chT Premier League 2019"]
[Site "Tuzla"]
[Date "2019.06.14"]
[Round "7.1"]
[White "Radovanovic, Nikola"]
[Black "Predojevic, Borki"]
[Result "0-1"]
[ECO "E20"]
[WhiteElo "2427"]
[BlackElo "2620"]
[Annotator "ChessBase"]
[PlyCount "104"]
[EventDate "2019.06.08"]
[EventType "team-tourn"]
[EventCountry "BIH"]
[SourceTitle "playchess.com"]
[Source "ChessBase"]
[SourceQuality "1"]
[TimeControl "40/5400+30:900+30"]

1. d4 Nf6 2. c4 e6 3. Nc3 Bb4 4. g3 c5 5. Nf3 Nc6 6. Bg2 Ne4 7. Bd2 Nxd2 8. Qxd2 cxd4 9. Nxd4 O-O 10. O-O Ne5 11. b3 a6 12. a3 Be7 13. e3 Qc7 14. Rfc1 d6 15. Rc2 Bd7 16. f4 Ng4 17. h3 Nf6 18. Rd1 Rac8 19. Kh2 g6 20. Ne4 Rfd8 21. Nf2 e5 22. Ne2 d5 23. c5 Bb5 24. Nc1 exf4 25. exf4 Ne4 26. Nxe4 dxe4 27. Qe1 Rxd1 28. Qxd1 Rd8 29. Qe1 f5 30. b4 Ba4 31. Rd2 Bf6 32. Ne2 Kg7 33. Rxd8 Qxd8 34. g4 Bh4 35. Qa1+ Qf6 36. Qc1 Bb5 37. Nc3 Bc6 38. gxf5 gxf5 39. Qe3 Qd8 40. a4 Bf6 41. b5 axb5 42. axb5 Be8 43. Nxe4 fxe4 44. Qxe4 Bf7 45. Qxb7 Qd4 46. Qc7 Qf2 47. b6 Bd4 48. h4 Qxh4+ 49. Bh3 Qe1 50. Bg2 Bg1+ 51. Kh3 Qe3+ 52. Kg4 h5+ 0-1

[Event "BIH-chT Premier League 2019"]
[Site "Tuzla"]
[Date "2019.06.14"]
[Round "7.2"]
[White "Kosic, Dragan"]
[Black "Djukic, Nikola"]
[Result "1/2-1/2"]
[ECO "D14"]
[WhiteElo "2479"]
[BlackElo "2547"]
[Annotator "ChessBase"]
[PlyCount "23"]
[EventDate "2019.06.08"]
[EventType "team-tourn"]
[EventCountry "BIH"]
[SourceTitle "playchess.com"]
[Source "ChessBase"]
[SourceQuality "1"]
[TimeControl "40/5400+30:900+30"]

1. d4 d5 2. c4 c6 3. Nc3 Nf6 4. cxd5 cxd5 5. Bf4 Nc6 6. Nf3 Bf5 7. e3 e6 8. Bd3 Bxd3 9. Qxd3 Bd6 10. Bxd6 Qxd6 11. O-O O-O 12. Rfc1 1/2-1/2

[Event "BIH-chT Premier League 2019"]
[Site "Tuzla"]
[Date "2019.06.14"]
[Round "7.3"]
[White "Kadric, Denis"]
[Black "Dizdarevic, Emir"]
[Result "1-0"]
[ECO "C02"]
[WhiteElo "2550"]
[BlackElo "2433"]
[Annotator "ChessBase"]
[PlyCount "71"]
[EventDate "2019.06.08"]
[EventType "team-tourn"]
[EventCountry "BIH"]
[SourceTitle "playchess.com"]
[Source "ChessBase"]
[SourceQuality "1"]
[TimeControl "40/5400+30:900+30"]

1. e4 e6 2. d4 d5 3. e5 c5 4. c3 Nc6 5. Nf3 Qb6 6. Be2 Nh6 7. Bxh6 gxh6 8. Qd2 Bd7 9. O-O a6 10. Na3 cxd4 11. cxd4 Qb4 12. Qd3 Qxb2 13. Nc2 Qb5 14. Qd2 Qa5 15. Qf4 Ne7 16. h4 Qc7 17. Ne3 f5 18. Rfc1 Qd8 19. g4 Ng6 20. Qh2 fxg4 21. Nxg4 Be7 22. Nxh6 Rf8 23. Qg3 Bb5 24. Bxb5+ axb5 25. Ng5 Nf4 26. Kh1 Ra3 27. f3 Bxg5 28. hxg5 Ne2 29. Qg4 Qd7 30. Rc2 Nc3 31. Qh5+ Kd8 32. Ng4 Rxf3 33. Nf6 Ne4 34. Qxf3 Rxf3 35. Nxd7 Kxd7 36. Rac1 1-0

[Event "BIH-chT Premier League 2019"]
[Site "Tuzla"]
[Date "2019.06.14"]
[Round "7.3"]
[White "Tadic, Branko"]
[Black "Kozul, Zdenko"]
[Result "1-0"]
[ECO "D79"]
[WhiteElo "2483"]
[BlackElo "2575"]
[Annotator "ChessBase"]
[PlyCount "91"]
[EventDate "2019.06.08"]
[EventType "team-tourn"]
[EventCountry "BIH"]
[SourceTitle "playchess.com"]
[Source "ChessBase"]
[SourceQuality "1"]
[TimeControl "40/5400+30:900+30"]

1. Nf3 Nf6 2. c4 g6 3. g3 c6 4. Bg2 Bg7 5. O-O O-O 6. d4 d5 7. cxd5 cxd5 8. Ne5 e6 9. Nc3 Nc6 10. Nxc6 bxc6 11. Bf4 Nd7 12. Qd2 Re8 13. Rac1 a5 14. e4 Ba6 15. Rfd1 Nb6 16. b3 a4 17. h4 axb3 18. axb3 Qe7 19. h5 Qb4 20. h6 Bf8 21. Bc7 Nd7 22. Qf4 Bb7 23. exd5 cxd5 24. Bf1 Ba6 25. Bh3 Qxb3 26. Bd6 Bxd6 27. Qxd6 Bc8 28. Re1 Qb6 29. Qxb6 Nxb6 30. Rb1 Nd7 31. Nxd5 Ra4 32. Nc7 Rd8 33. d5 e5 34. Rec1 Kf8 35. Nb5 Ba6 36. Nc3 Rd4 37. Bxd7 Rxd7 38. Rb8+ Ke7 39. Rh8 Rc4 40. Rxh7 Rdc7 41. Ra1 Rxc3 42. Rxa6 Rc1+ 43. Kg2 Rd1 44. Rxg6 Rxd5 45. Rxf7+ Kxf7 46. Rg7+ 1-0

[Event "BIH-chT Premier League 2019"]
[Site "Tuzla"]
[Date "2019.06.14"]
[Round "7.4"]
[White "Nikolic, Predrag"]
[Black "Pasalic, Harun"]
[Result "1-0"]
[ECO "E60"]
[WhiteElo "2574"]
[BlackElo "2304"]
[Annotator "ChessBase"]
[PlyCount "63"]
[EventDate "2019.06.08"]
[EventType "team-tourn"]
[EventCountry "BIH"]
[SourceTitle "playchess.com"]
[Source "ChessBase"]
[SourceQuality "1"]
[TimeControl "40/5400+30:900+30"]

1. d4 Nf6 2. Nf3 g6 3. g3 Bg7 4. Bg2 O-O 5. c4 d6 6. O-O Nc6 7. d5 Na5 8. Nfd2 c5 9. a3 Nd7 10. Ra2 b5 11. cxb5 c4 12. a4 a6 13. Na3 Nc5 14. Ne4 Nxe4 15. Bxe4 Nb3 16. Be3 axb5 17. axb5 Bh3 18. Bg2 Bf5 19. b6 Qd7 20. Nxc4 Rxa2 21. Qxb3 Qa4 22. Qxa4 Rxa4 23. b3 Rb4 24. Na5 Re8 25. b7 Rb5 26. Bd2 Rb8 27. e4 Bd7 28. Rc1 Kf8 29. Rc7 Ke8 30. Bf1 Rc5 31. Rxc5 dxc5 32. Bf4 1-0

[Event "BIH-chT Premier League 2019"]
[Site "Tuzla"]
[Date "2019.06.14"]
[Round "7.4"]
[White "Burovic, Rijad"]
[Black "Stojanovic, Dalibor"]
[Result "1/2-1/2"]
[ECO "B77"]
[WhiteElo "2399"]
[BlackElo "2507"]
[Annotator "ChessBase"]
[PlyCount "78"]
[EventDate "2019.06.08"]
[EventType "team-tourn"]
[EventCountry "BIH"]
[SourceTitle "playchess.com"]
[Source "ChessBase"]
[SourceQuality "1"]
[TimeControl "40/5400+30:900+30"]

1. e4 c5 2. Nc3 Nc6 3. Nge2 d6 4. d4 cxd4 5. Nxd4 Nf6 6. Bc4 Bd7 7. Bb3 g6 8. Be3 Bg7 9. f3 O-O 10. Qd2 Nxd4 11. Bxd4 b5 12. a4 b4 13. Nd5 Nxd5 14. Bxg7 Kxg7 15. exd5 Qa5 16. h4 e5 17. h5 Rh8 18. h6+ Kf8 19. O-O f5 20. f4 Qc5+ 21. Kh2 e4 22. Rac1 Kf7 23. Rfe1 Rab8 24. Re3 Qb6 25. Rce1 Rhe8 26. c4 Rbc8 27. Rc1 Qc5 28. Bd1 Ke7 29. b3 Kd8 30. Bc2 Kc7 31. Rce1 Rg8 32. Rg3 Kb6 33. Rg5 Rge8 34. Re3 a5 35. Bd1 Rg8 36. Be2 Ka7 37. Bd1 Kb6 38. Be2 Ka7 39. Bd1 Kb6 1/2-1/2

[Event "BIH-chT Premier League 2019"]
[Site "Tuzla"]
[Date "2019.06.14"]
[Round "7.5"]
[White "Buljubasic, Sabahudin"]
[Black "Burovic, Ismet"]
[Result "0-1"]
[ECO "B13"]
[WhiteElo "2374"]
[BlackElo "2337"]
[Annotator "ChessBase"]
[PlyCount "64"]
[EventDate "2019.06.08"]
[EventType "team-tourn"]
[EventCountry "BIH"]
[SourceTitle "playchess.com"]
[Source "ChessBase"]
[SourceQuality "1"]
[TimeControl "40/5400+30:900+30"]

1. e4 c6 2. d4 d5 3. exd5 cxd5 4. c4 Nf6 5. Nc3 Nc6 6. Bg5 Be6 7. Be2 Qa5 8. c5 Ne4 9. Bd2 Nxd2 10. Qxd2 g6 11. Nf3 Bg7 12. h3 O-O 13. O-O Bf5 14. Bb5 Rfd8 15. Rfe1 Qc7 16. Bxc6 bxc6 17. b4 f6 18. b5 e5 19. Rac1 e4 20. Nh2 Be6 21. Rb1 Rab8 22. a4 f5 23. f4 Bd7 24. Nf1 g5 25. bxc6 Bxc6 26. Ne3 Rxb1 27. Rxb1 gxf4 28. Nxf5 Rf8 29. Nd6 Qe7 30. Rb4 f3 31. gxf3 exf3 32. Rb1 Qh4 0-1

[Event "BIH-chT Premier League 2019"]
[Site "Tuzla"]
[Date "2019.06.14"]
[Round "7.5"]
[White "Muratovic, Enver"]
[Black "Savanovic, Aleksandar"]
[Result "1/2-1/2"]
[ECO "C87"]
[WhiteElo "2230"]
[BlackElo "2416"]
[Annotator "NA"]
[PlyCount "52"]
[EventDate "2019.06.08"]
[EventType "team-tourn"]
[EventCountry "BIH"]
[SourceTitle "playchess.com"]
[Source "ChessBase"]
[SourceQuality "1"]
[TimeControl "40/5400+30:900+30"]

1. e4 e5 2. Nf3 Nc6 3. Bb5 a6 4. Ba4 Nf6 5. O-O Be7 6. Re1 d6 7. c3 Bg4 8. h3 Bh5 9. Bxc6+ bxc6 10. d4 exd4 11. cxd4 O-O 12. Nc3 d5 13. e5 Ne4 14. Nxe4 dxe4 15. Rxe4 Qd5 16. Re1 Bb4 17. Re3 c5 18. a3 Ba5 19. b4 cxb4 20. axb4 Bxb4 21. Ba3 Bxa3 22. Rexa3 Bxf3 23. Rxf3 c5 24. dxc5 Qxc5 25. Rfa3 Qxe5 26. Rxa6 Rxa6 1/2-1/2

[Event "BIH-chT Premier League 2019"]
[Site "Tuzla"]
[Date "2019.06.14"]
[Round "7.6"]
[White "Ivic, Velimir"]
[Black "Sedlak, Nikola"]
[Result "0-1"]
[ECO "B12"]
[WhiteElo "2518"]
[BlackElo "2583"]
[Annotator "ChessBase"]
[PlyCount "84"]
[EventDate "2019.06.08"]
[EventType "team-tourn"]
[EventCountry "BIH"]
[SourceTitle "playchess.com"]
[Source "ChessBase"]
[SourceQuality "1"]
[TimeControl "40/5400+30:900+30"]

1. e4 c6 2. d4 d5 3. Nd2 Qb6 4. Ngf3 Bg4 5. e5 e6 6. a4 a5 7. h3 Bh5 8. Nb3 Ne7 9. Be2 Nd7 10. O-O Bxf3 11. Bxf3 Nf5 12. Be2 g6 13. c3 Bg7 14. g4 Ne7 15. Be3 f6 16. f4 h5 17. exf6 Bxf6 18. g5 Bg7 19. Rf3 Nf5 20. Bf2 O-O 21. Qc2 Qc7 22. Re1 Rae8 23. Bd3 Rf7 24. Nd2 Bf8 25. Nf1 Qd8 26. Ne3 Bd6 27. Nxf5 exf5 28. Rxe8+ Qxe8 29. c4 Nf8 30. Qb3 Ne6 31. cxd5 Nxf4 32. Bc4 b5 33. axb5 cxb5 34. Bxb5 Qe4 35. Bf1 a4 36. Qd1 Rc7 37. Re3 Qc2 38. Re8+ Kf7 39. Qe1 Qxb2 40. Re6 Rc1 41. Rf6+ Kg7 42. Qe3 Qb1 0-1

[Event "BIH-chT Premier League 2019"]
[Site "Tuzla"]
[Date "2019.06.14"]
[Round "7.6"]
[White "Galic, Zeljko"]
[Black "Trumic, Enes"]
[Result "1-0"]
[ECO "A13"]
[WhiteElo "2280"]
[BlackElo "2231"]
[Annotator "NA"]
[PlyCount "53"]
[EventDate "2019.06.08"]
[EventType "team-tourn"]
[EventCountry "BIH"]
[SourceTitle "playchess.com"]
[Source "ChessBase"]
[SourceQuality "1"]
[TimeControl "40/5400+30:900+30"]

1. c4 e6 2. Nf3 d5 3. e3 Nf6 4. b3 a5 5. Nc3 Nc6 6. Bb2 Be7 7. d4 O-O 8. Bd3 a4 9. Nxa4 Bb4+ 10. Nc3 dxc4 11. bxc4 e5 12. dxe5 Ng4 13. O-O Ba3 14. Bxa3 Rxa3 15. Nd5 Ncxe5 16. Nxe5 Nxe5 17. Bxh7+ Kxh7 18. Qh5+ Kg8 19. Qxe5 Be6 20. Rfd1 Bxd5 21. Rxd5 Qc8 22. h3 c6 23. Rd4 Qa8 24. Rg4 f6 25. Qe6+ Kh7 26. Qd7 Rg8 27. Qf7 1-0

[Event "BIH-chT Premier League 2019"]
[Site "Tuzla"]
[Date "2019.06.14"]
[Round "7.7"]
[White "Predojevic, Borki"]
[Black "Saric, Ibro"]
[Result "1/2-1/2"]
[ECO "B13"]
[WhiteElo "2620"]
[BlackElo "2555"]
[Annotator "ChessBase"]
[PlyCount "41"]
[EventDate "2019.06.08"]
[EventType "team-tourn"]
[EventCountry "BIH"]
[SourceTitle "playchess.com"]
[Source "ChessBase"]
[SourceQuality "1"]
[TimeControl "40/5400+30:900+30"]

1. e4 c6 2. d4 d5 3. exd5 cxd5 4. Bd3 Nc6 5. c3 Nf6 6. h3 g6 7. Nf3 Bf5 8. O-O Bxd3 9. Qxd3 Bg7 10. Bf4 Ne4 11. Nbd2 Nxd2 12. Qxd2 O-O 13. Rfe1 e6 14. Ne5 Nxe5 15. Bxe5 Bxe5 16. Rxe5 Qd6 17. h4 h5 18. Rxh5 gxh5 19. Qg5+ Kh7 20. Qxh5+ Kg7 21. Qg5+ 1/2-1/2

[Event "BIH-chT Premier League 2019"]
[Site "Tuzla"]
[Date "2019.06.14"]
[Round "7.7"]
[White "Muratovic, Efim"]
[Black "Kadric, Denis"]
[Result "0-1"]
[ECO "A42"]
[WhiteElo "2384"]
[BlackElo "2550"]
[Annotator "ChessBase"]
[PlyCount "72"]
[EventDate "2019.06.08"]
[EventType "team-tourn"]
[EventCountry "BIH"]
[SourceTitle "playchess.com"]
[Source "ChessBase"]
[SourceQuality "1"]
[TimeControl "40/5400+30:900+30"]

1. d4 d6 2. Nf3 g6 3. c4 Bg7 4. Nc3 Nd7 5. e4 e5 6. Bg5 f6 7. Be3 Nh6 8. Be2 O-O 9. h3 c6 10. dxe5 dxe5 11. O-O Qe7 12. Qc1 Nf7 13. c5 f5 14. b4 f4 15. Bd2 g5 16. Nh2 Nf6 17. f3 h5 18. Be1 Be6 19. Bf2 Bh6 20. Qb2 Kh7 21. Rfd1 Rg8 22. Kf1 Rg7 23. Qc2 Kh8 24. Rd3 Rag8 25. Ke1 g4 26. hxg4 hxg4 27. Bh4 Bg5 28. Bxg5 Nxg5 29. Nxg4 Bxg4 30. fxg4 Rh7 31. Rad1 Ngxe4 32. Nxe4 Nxe4 33. Bf3 Qh4+ 34. Kf1 Ng3+ 35. Kg1 e4 36. Bxe4 Qh2+ 0-1

[Event "BIH-chT Premier League 2019"]
[Site "Tuzla"]
[Date "2019.06.14"]
[Round "7.8"]
[White "Djukic, Nikola"]
[Black "Milanovic, Danilo"]
[Result "0-1"]
[ECO "B31"]
[WhiteElo "2547"]
[BlackElo "2496"]
[Annotator "ChessBase"]
[PlyCount "132"]
[EventDate "2019.06.08"]
[EventType "team-tourn"]
[EventCountry "BIH"]
[SourceTitle "playchess.com"]
[Source "ChessBase"]
[SourceQuality "1"]
[TimeControl "40/5400+30:900+30"]

1. e4 c5 2. Nf3 Nc6 3. Bb5 g6 4. O-O Bg7 5. c3 Nf6 6. Re1 O-O 7. h3 d6 8. d4 Bd7 9. Bf1 cxd4 10. cxd4 d5 11. e5 Ne4 12. Nbd2 Nxd2 13. Bxd2 Qb6 14. Bc3 a5 15. a4 e6 16. Nh2 f6 17. exf6 Rxf6 18. Bb5 Raf8 19. Bxc6 bxc6 20. Nf3 Rxf3 21. gxf3 Qd8 22. f4 Rxf4 23. Re3 Qf6 24. Qe2 c5 25. Bxa5 cxd4 26. Rb3 Re4 27. Qd3 h5 28. Rb7 Bc6 29. Rc7 e5 30. Bd2 Be8 31. a5 Qf5 32. Ra3 Bf8 33. b4 Bd6 34. Rc1 Bxb4 35. Rb3 Bxa5 36. f3 Bxd2 37. Qxd2 Rf4 38. Rb8 Qe6 39. Rcc8 Rf8 40. Qg5 e4 41. Rxe8 Rxe8 42. Rxe8+ Qxe8 43. Qxd5+ Qf7 44. Qxe4 Qf6 45. Kf2 Kh7 46. Ke2 Qa6+ 47. Kd2 Qa5+ 48. Kd1 Qc5 49. Ke2 Kg7 50. Kd3 Qc3+ 51. Ke2 Qc4+ 52. Kd2 Kf6 53. Qf4+ Ke7 54. Qe5+ Kf7 55. Qf4+ Ke6 56. Qe4+ Kd7 57. h4 Kd8 58. f4 Kd7 59. f5 Qc3+ 60. Kd1 Qb3+ 61. Kd2 Qe3+ 62. Qxe3 dxe3+ 63. Kxe3 gxf5 64. Kf4 Ke6 65. Kg5 Ke5 66. Kxh5 Kf6 0-1

[Event "BIH-chT Premier League 2019"]
[Site "Tuzla"]
[Date "2019.06.14"]
[Round "7.9"]
[White "Kozul, Zdenko"]
[Black "Runic, Zoran"]
[Result "0-1"]
[ECO "A57"]
[WhiteElo "2575"]
[BlackElo "2319"]
[Annotator "ChessBase"]
[PlyCount "132"]
[EventDate "2019.06.08"]
[EventType "team-tourn"]
[EventCountry "BIH"]
[SourceTitle "playchess.com"]
[Source "ChessBase"]
[SourceQuality "1"]
[TimeControl "40/5400+30:900+30"]

1. d4 Nf6 2. Nf3 d6 3. c4 g6 4. Nc3 Bg7 5. e4 O-O 6. h3 c5 7. d5 b5 8. cxb5 a6 9. b6 Nbd7 10. a4 Qxb6 11. a5 Qc7 12. Bc4 Ne8 13. O-O Rb8 14. Qd3 Qb7 15. Na4 Nc7 16. Be3 Kh8 17. Ra2 f5 18. Nc3 f4 19. Bd2 Ne5 20. Nxe5 Bxe5 21. f3 Bd7 22. Ne2 Nb5 23. b3 g5 24. Kf2 h5 25. Ke1 h4 26. Kf2 Qa7 27. Rb1 Rb7 28. Bc1 Kg7 29. Bb2 Kf6 30. Ke1 Rd8 31. Rd1 Be8 32. Qd2 Kg6 33. Bxe5 dxe5 34. Bxb5 Rxb5 35. Qc3 Kf6 36. Rc1 Rc8 37. Rcc2 Rb4 38. Nc1 Bb5 39. Qd2 c4 40. Qxb4 Qg1+ 41. Kd2 Qxg2+ 42. Kc3 Qxf3+ 43. Kb2 Qxe4 44. bxc4 Rxc4 45. Rxc4 Qxc4 46. Qe1 e4 47. Kb1 e3 48. Rc2 Qe4 49. Qc3+ Kg6 50. Qh8 Qxd5 51. Rc8 Qf5+ 52. Ka2 Qe6+ 53. Ka3 Qd6+ 54. Kb3 Kf5 55. Qh7+ Ke5 56. Rc3 e2 57. Nxe2 Bxe2 58. Qh8+ Ke4 59. Qh7+ Kd4 60. Qg7+ Qe5 61. Qxe5+ Kxe5 62. Kc2 f3 63. Kd2 Kf4 64. Ke1 Kg3 65. Rc5 g4 66. hxg4 Bd3 0-1

[Event "BIH-chT Premier League 2019"]
[Site "Tuzla"]
[Date "2019.06.14"]
[Round "7.9"]
[White "Stojanovic, Dalibor"]
[Black "Obad, Andrija"]
[Result "1/2-1/2"]
[ECO "B50"]
[WhiteElo "2507"]
[BlackElo "2290"]
[Annotator "ChessBase"]
[PlyCount "69"]
[EventDate "2019.06.08"]
[EventType "team-tourn"]
[EventCountry "BIH"]
[SourceTitle "playchess.com"]
[Source "ChessBase"]
[SourceQuality "1"]
[TimeControl "40/5400+30:900+30"]

1. e4 c5 2. Nf3 d6 3. Bc4 Nf6 4. d3 Nc6 5. c3 e6 6. Bb3 Be7 7. O-O O-O 8. Re1 e5 9. Nbd2 Be6 10. Nf1 h6 11. Ng3 Qd7 12. h3 Rfe8 13. d4 Bxb3 14. axb3 cxd4 15. cxd4 exd4 16. Nxd4 d5 17. Nxc6 bxc6 18. e5 Bb4 19. Bd2 Bxd2 20. Qxd2 Nh7 21. Ra4 f6 22. f4 fxe5 23. fxe5 Re7 24. Qd4 Ng5 25. h4 Nf7 26. Re2 Qe6 27. Ra1 Qg6 28. Qf4 Rae8 29. Rae1 Nd8 30. h5 Ne6 31. Qh4 Qd3 32. Re3 Qc2 33. R1e2 Qb1+ 34. Re1 Qc2 35. R1e2 1/2-1/2

[Event "BIH-chT Premier League 2019"]
[Site "Tuzla"]
[Date "2019.06.14"]
[Round "7.10"]
[White "Iveljic, Igor"]
[Black "Buljubasic, Sabahudin"]
[Result "1/2-1/2"]
[ECO "A04"]
[WhiteElo "2230"]
[BlackElo "2374"]
[Annotator "ChessBase"]
[PlyCount "68"]
[EventDate "2019.06.08"]
[EventType "team-tourn"]
[EventCountry "BIH"]
[SourceTitle "playchess.com"]
[Source "ChessBase"]
[SourceQuality "1"]
[TimeControl "40/5400+30:900+30"]

1. e4 c5 2. Nf3 e6 3. d3 Nc6 4. g3 g6 5. Bg2 Bg7 6. O-O Nge7 7. c3 e5 8. a3 d6 9. b4 a6 10. Nbd2 O-O 11. Rb1 h6 12. Nb3 b6 13. Re1 Be6 14. d4 exd4 15. cxd4 Bxb3 16. Qxb3 Nxd4 17. Nxd4 cxd4 18. Bb2 b5 19. e5 Rc8 20. Bxd4 Nf5 21. Ba1 dxe5 22. Bxe5 Nd4 23. Bxd4 Bxd4 24. Rbd1 Qb6 25. Re2 Rc3 26. Qa2 Qf6 27. Red2 Be5 28. Be4 Rc4 29. Bd5 Rc3 30. Kg2 h5 31. Rd3 Rfc8 32. Qe2 R8c7 33. Rxc3 Rxc3 34. Rd3 Rxd3 1/2-1/2

[Event "BIH-chT Premier League 2019"]
[Site "Tuzla"]
[Date "2019.06.15"]
[Round "8.3"]
[White "Arapovic, Vitomir"]
[Black "Bogut, Zeljko"]
[Result "1/2-1/2"]
[ECO "B23"]
[WhiteElo "2315"]
[BlackElo "2403"]
[Annotator "NA"]
[PlyCount "78"]
[EventDate "2019.06.08"]
[EventType "team-tourn"]
[EventCountry "BIH"]
[SourceTitle "playchess.com"]
[Source "ChessBase"]
[SourceQuality "1"]
[TimeControl "40/5400+30:900+30"]

1. e4 c5 2. Nc3 e6 3. g3 d5 4. d3 Nf6 5. Bg2 Be7 6. exd5 exd5 7. Nge2 d4 8. Ne4 Nxe4 9. Bxe4 Nd7 10. O-O Nf6 11. Bg2 h6 12. Nf4 Bg4 13. Bf3 Bxf3 14. Qxf3 Qd7 15. Bd2 O-O 16. Rfe1 Rfc8 17. b3 Bf8 18. Nh5 Nxh5 19. Qxh5 b5 20. a4 a6 21. axb5 axb5 22. Qf3 Rxa1 23. Rxa1 c4 24. bxc4 bxc4 25. Ra8 Rxa8 26. Qxa8 Qb5 27. dxc4 Qxc4 28. Qe4 Qc5 29. Qd3 g6 30. c3 Bg7 31. cxd4 Bxd4 32. Qf3 h5 33. h4 Qe5 34. Kg2 Kg7 35. Bf4 Qe1 36. Bg5 Qe6 37. Bd2 Qe5 38. Bf4 Qe1 39. Qd1 Qe5 1/2-1/2

[Event "BIH-chT Premier League 2019"]
[Site "Tuzla"]
[Date "2019.06.15"]
[Round "8.4"]
[White "Sesar, Ivan"]
[Black "Bilic, Vladimir"]
[Result "0-1"]
[ECO "D27"]
[WhiteElo "2149"]
[BlackElo "2320"]
[Annotator "NA"]
[PlyCount "106"]
[EventDate "2019.06.08"]
[EventType "team-tourn"]
[EventCountry "BIH"]
[SourceTitle "playchess.com"]
[Source "ChessBase"]
[SourceQuality "1"]
[TimeControl "40/5400+30:900+30"]

1. d4 d5 2. c4 dxc4 3. e3 e6 4. Bxc4 c5 5. Nf3 Nf6 6. O-O Nc6 7. dxc5 Bxc5 8. Qxd8+ Kxd8 9. b3 a6 10. Bb2 Ke7 11. Rd1 b5 12. Be2 Bb7 13. Nbd2 Rhd8 14. Rac1 Ba7 15. Ne1 Rd7 16. Ndf3 Rxd1 17. Rxd1 Bc5 18. Nd3 Bd6 19. Rc1 Rc8 20. Nc5 Bxc5 21. Rxc5 g6 22. Nd4 Kd6 23. Rxc6+ Bxc6 24. Nxc6 Rxc6 25. Bxf6 Rc2 26. Bf1 Rxa2 27. b4 a5 28. bxa5 b4 29. a6 b3 30. g4 e5 31. f4 exf4 32. Bc4 fxe3 33. Bxb3 Rxa6 34. Bxf7 Ra4 35. Bh4 Ra1+ 36. Kg2 e2 37. Bg8 h6 38. Bg3+ Ke7 39. g5 hxg5 40. Bc4 e1=Q 41. Bxe1 Rxe1 42. Kf2 Rd1 43. Kg3 Kf6 44. Bb5 Rg1+ 45. Kf2 Rb1 46. Be8 g4 47. Ba4 Kg5 48. Kg3 Re1 49. Bd7 Re3+ 50. Kf2 Re7 51. Bb5 Kf4 52. Bd3 g5 53. Kg2 Re3 0-1

[Event "BIH-chT Premier League 2019"]
[Site "Tuzla"]
[Date "2019.06.15"]
[Round "8.5"]
[White "Sinanovic, Muhamed"]
[Black "Jelcic, Marko"]
[Result "1-0"]
[ECO "A07"]
[WhiteElo "2313"]
[BlackElo "2120"]
[Annotator "NA"]
[PlyCount "107"]
[EventDate "2019.06.08"]
[EventType "team-tourn"]
[EventCountry "BIH"]
[SourceTitle "playchess.com"]
[Source "ChessBase"]
[SourceQuality "1"]
[TimeControl "40/5400+30:900+30"]

1. Nf3 d5 2. g3 Nf6 3. Bg2 Bf5 4. O-O c6 5. d3 h6 6. Nbd2 Nbd7 7. b3 e6 8. Bb2 Be7 9. e4 dxe4 10. dxe4 Bh7 11. Qe2 O-O 12. Rfd1 Qc7 13. a3 a5 14. Rac1 Rfd8 15. e5 Nd5 16. Ne4 N5b6 17. h3 Nc5 18. Nfd2 Nxe4 19. Nxe4 Rxd1+ 20. Rxd1 Rd8 21. Kh2 Rxd1 22. Qxd1 Qd7 23. Qe2 Qd8 24. f4 Qd7 25. Qf2 Qc7 26. Qd4 c5 27. Qc3 c4 28. Nd6 Qc5 29. Qd4 Qc7 30. bxc4 Bxc2 31. Qc3 Bg6 32. Qxa5 Bd8 33. c5 Nd5 34. Qxc7 Bxc7 35. Nxb7 Kf8 36. Nd6 Bd3 37. Bf3 Ke7 38. Kg2 f5 39. Kf2 g6 40. Be2 Bc2 41. Bb5 g5 42. fxg5 hxg5 43. Bc1 f4 44. Bd2 Bb8 45. a4 Kf8 46. gxf4 gxf4 47. c6 Ba7+ 48. Kf1 Bd4 49. Bxf4 Kg7 50. Ne8+ Kg6 51. c7 Nb6 52. Nd6 Bc3 53. Bg3 Bf5 54. Kg2 1-0

[Event "BIH-chT Premier League 2019"]
[Site "Tuzla"]
[Date "2019.06.15"]
[Round "8.6"]
[White "Sesar, Dario"]
[Black "Narancic, Vlado"]
[Result "0-1"]
[ECO "B22"]
[WhiteElo "1989"]
[BlackElo "2288"]
[Annotator "NA"]
[PlyCount "98"]
[EventDate "2019.06.08"]
[EventType "team-tourn"]
[EventCountry "BIH"]
[SourceTitle "playchess.com"]
[Source "ChessBase"]
[SourceQuality "1"]
[TimeControl "40/5400+30:900+30"]

1. e4 c5 2. c3 d6 3. d4 cxd4 4. cxd4 Nf6 5. Nc3 a6 6. Nf3 g6 7. Be2 Bg7 8. O-O O-O 9. h3 b5 10. e5 Ne8 11. Bg5 Bb7 12. Qb3 Nc6 13. Rfd1 Kh8 14. a3 Rc8 15. Qa2 h6 16. Bh4 Na5 17. Nd5 g5 18. Bg3 Nc4 19. Bxc4 bxc4 20. Ne3 Qd7 21. d5 f5 22. exf6 Nxf6 23. Rac1 c3 24. b4 Ne4 25. Qc2 Nxg3 26. fxg3 e6 27. Qd3 Rfe8 28. Kh2 exd5 29. Nxd5 Qc6 30. Qg6 Rf8 31. Ne7 Qe4 32. Qxe4 Bxe4 33. Nxc8 Rxc8 34. Rxd6 c2 35. Nd4 Be5 36. Rd7 Rc3 37. Re7 Bxg3+ 38. Kh1 Bf4 39. Rxe4 Bxc1 40. Re2 Bd2 41. Nxc2 Rxc2 42. g4 a5 43. Kg2 axb4 44. axb4 Rb2 45. Kf3 Rb3+ 46. Ke4 Bxb4 47. Kf5 Kg7 48. h4 Rf3+ 49. Ke6 gxh4 0-1

[Event "BIH-chT Premier League 2019"]
[Site "Tuzla"]
[Date "2019.06.15"]
[Round "8.7"]
[White "Savic, Miodrag R"]
[Black "Sedlak, Nikola"]
[Result "1/2-1/2"]
[ECO "B12"]
[WhiteElo "2503"]
[BlackElo "2583"]
[Annotator "ChessBase"]
[PlyCount "65"]
[EventDate "2019.06.08"]
[EventType "team-tourn"]
[EventCountry "BIH"]
[SourceTitle "playchess.com"]
[Source "ChessBase"]
[SourceQuality "1"]
[TimeControl "40/5400+30:900+30"]

1. e4 c6 2. d4 d5 3. e5 c5 4. dxc5 e6 5. a3 Bxc5 6. b4 Bb6 7. Qg4 Ne7 8. Nf3 Ng6 9. Bd3 f5 10. exf6 Qxf6 11. O-O O-O 12. Qh5 Nd7 13. Ra2 Qf7 14. c4 dxc4 15. Bxg6 Qxg6 16. Qxg6 hxg6 17. Nbd2 c3 18. Ne4 Nf6 19. Nxc3 Bd7 20. Rd2 a5 21. Ne5 axb4 22. axb4 Rfd8 23. Nxd7 Rxd7 24. Rxd7 Nxd7 25. Re1 Kf7 26. Ne4 Ra2 27. Ng5+ Kf6 28. Rxe6+ Kf5 29. h3 Bxf2+ 30. Kh2 Bh4 31. Re7 Bxg5 32. Bxg5 Ne5 33. Be3 1/2-1/2